[Event "Titled Tuesday Blitz December 06 Late 2022"]
[White "Goroshkov, Maksym"]
[Black "Shohat, Yotam"]
[WhiteFideId "14142716"]
[BlackFideId "2813955"]
[WhiteElo "2258"]
[BlackElo "2216"]
[Result "0-1"]
[Round "02"]
[TimeControl "180+1"]
[Date "2022.12.07"]
[WhiteClock "0:00:43"]
[BlackClock "0:00:13"]

1. e4 c5 2. d4 cxd4 3. c3 e6 4. cxd4 d5 5. exd5 exd5 6. Nc3 Nf6 7. Nf3 Be7 8. Bd3 O-O 9. O-O Bg4 10. h3 Bh5 11. g4 Bg6 12. Ne5 Nc6 13. f4 Bxd3 14. Qxd3 Bb4 15. f5 Qb6 16. Nxc6 bxc6 17. Bg5 Bxc3 18. bxc3 Ne4 19. Be7 Rfe8 20. f6 Qb2 21. Rae1 Qxc3 22. Qxc3 Nxc3 23. Re5 Ne4 24. Rc1 gxf6 25. Rxe4 dxe4 26. Bxf6 Re6 27. Be5 f6 28. Bf4 Rd8 29. Be3 Rd5 30. Rb1 Rb5 31. Rc1 f5 32. gxf5 Rxf5 33. Rb1 Rb5 34. Rc1 Rg6+ 35. Kh1 Rf5 36. Re1 Rf3 37. Kh2 Rgg3 38. Bc1 Rxh3+ 39. Kg2 Rhg3+ 40. Kh2 e3 41. Ba3 h5 42. Bd6 Rg4 43. Be5 Rf2+ 44. Kh3 e2 45. Rb1 Rf1 46. Rb8+ Kf7 47. Rb7+ Ke6 48. Bg3 Rxg3+ 49. Kxg3 e1=Q+ 50. Kg2 Qf2+ 51. Kh3 Rh1# 0-1


[Site "https://www.chess.com"]

[Event "Titled Tuesday Blitz December 06 Late 2022"]
[White "Graif, William"]
[Black "Van Dael, Siem"]
[WhiteFideId "2609835"]
[BlackFideId "1049771"]
[WhiteElo "2205"]
[BlackElo "2336"]
[Result "0-1"]
[Round "02"]
[TimeControl "180+1"]
[Date "2022.12.07"]
[WhiteClock "0:00:07"]
[BlackClock "0:01:13"]

1. e4 c5 2. Nc3 d6 3. f4 Nc6 4. Nf3 g6 5. Bc4 Bg7 6. O-O e6 7. d4 cxd4 8. Nb5 Nge7 9. Bb3 Qb6 10. Nxd6+ Kf8 11. Kh1 Qc5 12. e5 Nf5 13. Nxf5 gxf5 14. Ba4 b5 15. b4 Qb6 16. Bb3 Bb7 17. a4 a6 18. Bb2 Rd8 19. axb5 axb5 20. Qd2 Rg8 21. Rad1 Bh6 22. h4 Rg4 23. Ng5 Rxh4+ 24. Kg1 Rg4 25. Nxh7+ Kg7 26. Nf6 Rg6 27. Qf2 Nxe5 28. fxe5 Rxg2+ 29. Qxg2+ Bxg2 30. Kxg2 Qc7 31. Bxd4 Rxd4 32. Rxd4 Qxe5 33. Ne8+ Kf8 34. Rd8 Qe4+ 35. Rf3 Qe2+ 36. Rf2 Qg4+ 37. Kf1 Ke7 38. Ra8 Be3 39. Re2 Qg1# 0-1


[Site "https://www.chess.com"]

[Event "Titled Tuesday Blitz December 06 Late 2022"]
[White "Grapsa, Georgia"]
[Black "Saya, Ethan"]
[WhiteFideId "4206436"]
[BlackFideId "26095181"]
[WhiteElo "1825"]
[BlackElo "2178"]
[Result "0-1"]
[Round "02"]
[TimeControl "180+1"]
[Date "2022.12.07"]
[WhiteClock "0:00:06"]
[BlackClock "0:00:58"]

1. e4 d5 2. exd5 Qxd5 3. Nc3 Qa5 4. d4 Nf6 5. Bd2 c6 6. Bc4 Bg4 7. f3 Bh5 8. Qe2 e6 9. O-O-O Bb4 10. h4 Bg6 11. Nh3 h6 12. Nf4 Bh7 13. Nxe6 fxe6 14. Qxe6+ Be7 15. Rhe1 Qc7 16. Qf7+ Kd8 17. Qxg7 Re8 18. Ne4 Bxe4 19. fxe4 Nbd7 20. e5 Nd5 21. Bxd5 cxd5 22. Qxh6 Rc8 23. c3 b5 24. Kb1 b4 25. g4 Nb6 26. Rc1 Nc4 27. Bg5 bxc3 28. Rxc3 Qb6 29. Qxb6+ axb6 30. Bxe7+ Kxe7 31. g5 Rh8 32. Rh1 Rh5 33. b3 Nd2+ 34. Kc2 Rxc3+ 35. Kxc3 Nf3 36. Kb4 Kd7 37. Rf1 Nxd4 38. Rd1 Rxh4 39. Kc3 Ne2+ 40. Kb2 Nf4 41. Rg1 Ng6 42. Rf1 Nxe5 43. Rf6 b5 44. Rb6 b4 45. g6 Rh2+ 46. Kb1 Rg2 47. Rxb4 Rxg6 48. Rd4 Kc6 49. a4 Rg3 50. Kb2 Nd3+ 51. Ka3 Nc5 52. Rb4 d4 53. a5 d3 54. Rb6+ Kd5 55. Rb8 Ne4 56. Rd8+ Nd6 57. Kb2 d2 58. Kc2 d1=Q+ 59. Kxd1 Rxb3 60. a6 Ra3 61. a7 Rxa7 62. Ke1 Ke5 63. Ke2 Nf5 64. Re8+ Kf4 65. Rc8 Nd4+ 66. Kd3 Rd7 67. Rc4 Ke5 68. Rc5+ Ke6 69. Rc4 Nf5+ 70. Kc3 Ke5 71. Rc5+ Ke4 72. Rc4+ Ke3 73. Kb4 Nd4 74. Kc5 Ne6+ 75. Kb4 Rb7+ 76. Kc3 Nf4 77. Rc8 Nd5+ 78. Kc4 Nb6+ 79. Kb5 Nxc8+ 80. Kc6 Re7 0-1


[Site "https://www.chess.com"]

[Event "Titled Tuesday Blitz December 06 Late 2022"]
[White "Haszon, David"]
[Black "Stanisz, Patryk"]
[WhiteFideId "733610"]
[BlackFideId "1123106"]
[WhiteElo "2210"]
[BlackElo "2069"]
[Result "0-1"]
[Round "02"]
[TimeControl "180+1"]
[Date "2022.12.07"]
[WhiteClock "0:00:07"]
[BlackClock "0:00:03"]

1. e4 c5 2. c3 Nf6 3. e5 Nd5 4. d4 cxd4 5. Nf3 Nc6 6. cxd4 d6 7. Bc4 Nb6 8. Bb5 d5 9. O-O Bg4 10. h3 Bxf3 11. Qxf3 e6 12. Be3 Rc8 13. a3 a6 14. Bd3 Na5 15. Nd2 Be7 16. Rac1 Qd7 17. Qg4 g6 18. b4 Nac4 19. Bxc4 Nxc4 20. Nxc4 Rxc4 21. Bh6 Qa4 22. Rxc4 dxc4 23. Qe4 Qb5 24. Rd1 Qd5 25. Qf4 b6 26. Rc1 b5 27. Rc3 Bd8 28. Rf3 Qd7 29. Qe4 Qd5 30. Qf4 Qd7 31. Rc3 Bb6 32. Rc2 Rg8 33. Rd2 Qd5 34. Qe3 Kd7 35. Bg5 Kc6 36. Qf4 Qd7 37. d5+ exd5 38. Qf6+ Kb7 39. Be3 Bxe3 40. fxe3 Qe6 41. Qf3 Rd8 42. e4 d4 43. Rf2 Rd7 44. Qf4 d3 45. Qe3 c3 46. Rf6 Qxf6 47. exf6 d2 48. e5 d1=Q+ 49. Kh2 Qd5 50. Qf4 Rc7 51. h4 Qe6 52. Qe4+ Rc6 53. Qd4 c2 54. h5 c1=Q 55. hxg6 Qh6+ 56. Kg3 Qxg6+ 57. Kf2 Qgf5+ 58. Kg3 Qfxe5+ 0-1


[Site "https://www.chess.com"]

[Event "Titled Tuesday Blitz December 06 Late 2022"]
[White "Hernandez Jimenez, Alexander Andres"]
[Black "Estrada Nieto, Julian"]
[WhiteFideId "3900452"]
[BlackFideId "5101018"]
[WhiteElo "2098"]
[BlackElo "2195"]
[Result "0-1"]
[Round "02"]
[TimeControl "180+1"]
[Date "2022.12.07"]
[WhiteClock "0:00:03"]
[BlackClock "0:00:24"]

1. e4 e5 2. Nf3 Nc6 3. Bc4 Bc5 4. d3 Nf6 5. c3 d6 6. Bg5 h6 7. Bh4 a6 8. Bb3 Ba7 9. Nbd2 g5 10. Bg3 Bg4 11. h3 Bh5 12. Qc2 Qd7 13. O-O-O O-O-O 14. Kb1 Bg6 15. Nc4 Rhe8 16. Rhe1 Kb8 17. Ne3 Na5 18. Nd5 Nxd5 19. Bxd5 c6 20. Bb3 Nxb3 21. Qxb3 Ka8 22. Ka1 f5 23. exf5 Bxf5 24. d4 e4 25. Nd2 d5 26. Nf1 Bg6 27. Ne3 Bb8 28. Bxb8 Rxb8 29. Ng4 Bh5 30. Ne5 Rxe5 31. dxe5 Bxd1 32. Rxd1 Re8 33. c4 Rxe5 34. Qb6 Rf5 35. a4 Rf8 36. Qc5 Rd8 37. b4 d4 38. b5 cxb5 39. axb5 Rc8 40. Qd5 Qxd5 41. cxd5 d3 42. Kb2 Rc5 43. bxa6 bxa6 44. d6 Rc2+ 45. Kb3 Kb7 46. Re1 Re2 47. Rc1 Rc2 48. Rxc2 dxc2 49. Kxc2 Kc6 0-1


[Site "https://www.chess.com"]

[Event "Titled Tuesday Blitz December 06 Late 2022"]
[White "Hoffmann, Asa"]
[Black "Moral Garcia, Serafin"]
[WhiteFideId "2001470"]
[BlackFideId "2201925"]
[WhiteElo "2117"]
[BlackElo "2259"]
[Result "0-1"]
[Round "02"]
[TimeControl "180+1"]
[Date "2022.12.07"]
[WhiteClock "0:01:32"]
[BlackClock "0:02:05"]

1. d4 Nf6 2. Bg5 d5 3. Nd2 c5 4. e3 Nc6 5. c3 e6 6. f4 Be7 7. Bd3 O-O 8. Ngf3 Ne8 9. O-O f6 10. Bh4 e5 11. fxe5 fxe5 12. dxe5 Bxh4 13. Nxh4 Rxf1+ 14. Nxf1 Qxh4 15. Ng3 Be6 16. Bf5 Qe7 17. e4 Bxf5 18. exf5 Qxe5 19. Qg4 Nf6 20. Qg5 Re8 21. Rf1 Qe3+ 22. Qxe3 Rxe3 0-1


[Site "https://www.chess.com"]

[Event "Titled Tuesday Blitz December 06 Late 2022"]
[White "Ibarra Jerez, Jose Carlos"]
[Black "Ferreira, Vitor Hugo Vieira"]
[WhiteFideId "2226332"]
[BlackFideId "2119765"]
[WhiteElo "2638"]
[BlackElo "2146"]
[Result "1-0"]
[Round "02"]
[TimeControl "180+1"]
[Date "2022.12.07"]
[WhiteClock "0:00:09"]
[BlackClock "0:00:04"]

1. e4 c6 2. Nf3 d5 3. d3 dxe4 4. dxe4 Qxd1+ 5. Kxd1 g6 6. Ne5 Nd7 7. Nd3 Bh6 8. f3 Bxc1 9. Kxc1 Ngf6 10. a4 O-O 11. Nd2 Rd8 12. a5 a6 13. Nc4 Ne8 14. e5 Nc7 15. f4 Ne6 16. g3 Nec5 17. Nxc5 Nxc5 18. Nb6 Rb8 19. Bg2 Bf5 20. Ra3 Nd7 21. Rb3 Nc5 22. Rc3 Ne6 23. Re1 Rd4 24. b3 Rbd8 25. Bf3 h5 26. Rd1 Rxd1+ 27. Bxd1 f6 28. Re3 Kf7 29. Nc4 Bg4 30. Bxg4 hxg4 31. c3 Rh8 32. Re2 Nc5 33. Kc2 f5 34. Nd2 Ke6 35. b4 Ne4 36. Nb3 Kd5 37. Kd3 c5 38. c4+ Kc6 39. Nxc5 Nxc5+ 40. bxc5 Kxc5 41. Kc3 Rd8 42. Rb2 Rd4 43. Rxb7 Rxc4+ 44. Kd3 Ra4 45. Rxe7 Ra3+ 46. Kc2 Rxa5 47. Kb3 Rb5+ 48. Kc3 Rb6 49. Rc7+ Kd5 50. Rd7+ Ke6 51. Rg7 Kd5 52. Rd7+ Ke6 53. Ra7 Kd5 54. Ra8 Ke4 55. Rd8 Kf3 56. Rd6 Rb8 57. e6 Kg2 58. Rd2+ Kf3 59. Kd4 Rd8+ 60. Kc3 Rc8+ 61. Kb4 Re8 62. Rd6 Kg2 63. Rd2+ Kf3 64. Rd3+ Ke4 65. Rd6 Kf3 66. Rxa6 Kg2 67. Ra2+ Kf3 68. Ra6 Kg2 69. Kc5 Kxh2 70. Kd5 Kxg3 71. Ke5 g5 72. Ra3+ Kh2 73. fxg5 g3 74. g6 g2 75. Ra1 g1=Q 76. Rxg1 Kxg1 77. g7 f4 78. Kxf4 Rxe6 79. g8=Q+ Rg6 80. Qxg6+ Kf2 81. Qg4 1-0


[Site "https://www.chess.com"]

[Event "Titled Tuesday Blitz December 06 Late 2022"]
[White "Ismayil, Malak"]
[Black "Weisz, Bryan"]
[WhiteFideId "13412604"]
[BlackFideId "30934133"]
[WhiteElo "1880"]
[BlackElo "2283"]
[Result "0-1"]
[Round "02"]
[TimeControl "180+1"]
[Date "2022.12.07"]
[WhiteClock "0:01:28"]
[BlackClock "0:00:44"]

1. e4 Nc6 2. Nf3 Nb8 3. d4 d6 4. Nc3 e6 5. Be2 Be7 6. O-O Nf6 7. Bg5 h6 8. Bxf6 Bxf6 9. Qd2 O-O 10. Rad1 c5 11. dxc5 dxc5 12. Qe3 Qa5 13. e5 Be7 14. Ne4 Nd7 15. a3 Qc7 16. Nc3 a6 17. a4 b6 18. Rd2 Bb7 19. Rfd1 Rfd8 20. h4 Rac8 21. h5 Bxf3 22. Bxf3 Nxe5 23. Be2 Nc6 24. Bxa6 Bg5 25. Rxd8+ Rxd8 26. Rxd8+ Qxd8 27. f4 Bf6 28. Kh2 Nb4 29. Bd3 Bd4 30. Qe4 Qh4# 0-1


[Site "https://www.chess.com"]

[Event "Titled Tuesday Blitz December 06 Late 2022"]
[White "Issani, Nameer"]
[Black "Sadhwani, Raunak"]
[WhiteFideId "2619130"]
[BlackFideId "35093487"]
[WhiteElo "2645"]
[BlackElo "2657"]
[Result "0-1"]
[Round "02"]
[TimeControl "180+1"]
[Date "2022.12.06"]
[WhiteClock "0:00:14"]
[BlackClock "0:01:15"]

1. d4 d6 2. c4 e5 3. Nf3 e4 4. Nfd2 f5 5. e3 Nf6 6. Nc3 c6 7. d5 Be7 8. Be2 O-O 9. O-O Na6 10. Nb3 Nc7 11. f3 exf3 12. Bxf3 cxd5 13. cxd5 Nd7 14. Nd4 Ne5 15. e4 f4 16. Be2 g5 17. Kh1 Bf6 18. b4 Bd7 19. Bb2 Rc8 20. Rc1 Qe7 21. b5 Na8 22. Nf5 Bxf5 23. exf5 Nd7 24. Bd3 Qg7 25. Qd2 Nab6 26. Nd1 Rxc1 27. Bxc1 Nc5 28. Ba3 Bd4 29. Be2 Re8 30. Bh5 Re7 31. Qc1 Qf6 32. Bg4 Nd3 33. Qd2 Nc5 34. Bxc5 Bxc5 35. Qd3 Bd4 36. h4 h6 37. h5 Kg7 38. Nf2 Bxf2 39. Rxf2 Nd7 40. Rc2 Ne5 41. Qe2 f3 42. Bxf3 Qxf5 43. Rd2 g4 44. Be4 Qxh5+ 45. Kg1 Qg5 46. Rc2 g3 47. Qd2 Qh4 48. Qd4 Rf7 49. Bf3 Qxd4+ 0-1


[Site "https://www.chess.com"]

[Event "Titled Tuesday Blitz December 06 Late 2022"]
[White "Jaferian, Koosha"]
[Black "Yeritsyan, Hayk"]
[WhiteFideId "12507440"]
[BlackFideId "13307320"]
[WhiteElo "2127"]
[BlackElo "2419"]
[Result "1-0"]
[Round "02"]
[TimeControl "180+1"]
[Date "2022.12.07"]
[WhiteClock "0:00:42"]
[BlackClock "0:00:14"]

1. e4 c6 2. Nc3 d5 3. Nf3 dxe4 4. Nxe4 Nd7 5. Bc4 Ngf6 6. Neg5 e6 7. Nxf7 Kxf7 8. Ng5+ Ke8 9. Nxe6 Qe7 10. O-O Nb6 11. Re1 Nxc4 12. Nc7+ Kd8 13. Rxe7 Bxe7 14. Nxa8 Bd6 15. d3 Ne5 16. Be3 b6 17. Nxb6 axb6 18. Bxb6+ Kd7 19. a4 Bb7 20. a5 Ra8 21. f3 c5 22. d4 cxd4 23. Qxd4 Bxf3 24. Bc5 Bd5 25. Bxd6 Kxd6 26. Qb6+ Nc6 27. b4 Re8 28. Qc5+ Kc7 29. c4 Nd7 30. Qxd5 Nxb4 31. Qb5 Nc6 32. Rd1 Re5 33. Rxd7+ Kxd7 34. Qb7+ Kd6 35. a6 Ra5 36. h3 g5 37. Qxh7 Rxa6 38. Qg6+ Kc5 39. Qxg5+ Kxc4 40. h4 Nd4 41. h5 Ra1+ 42. Kh2 Ra2 43. Qg8+ 1-0


[Site "https://www.chess.com"]

[Event "Titled Tuesday Blitz December 06 Late 2022"]
[White "Jaracz, Pawel"]
[Black "Firouzja, Alireza"]
[WhiteFideId "1102222"]
[BlackFideId "12573981"]
[WhiteElo "2460"]
[BlackElo "2904"]
[Result "0-1"]
[Round "02"]
[TimeControl "180+1"]
[Date "2022.12.06"]
[WhiteClock "0:00:23"]
[BlackClock "0:01:56"]

1. e4 c6 2. d4 g6 3. Nc3 Bg7 4. Be3 d5 5. e5 h5 6. Qd2 Nh6 7. O-O-O Nf5 8. f4 b5 9. Nf3 Qa5 10. Kb1 Nd7 11. Bf2 Nb6 12. b3 Rb8 13. Ne2 Qa3 14. Ka1 a5 15. Qc1 Qxc1+ 16. Nxc1 a4 17. Nd3 Nh6 18. h3 Bf5 19. Nb4 e6 20. Nxc6 Rc8 21. Bxb5 Kf8 22. Kb2 Be4 23. Ng5 Nf5 24. Nxe4 dxe4 25. Rhe1 Nd5 26. Rxe4 a3+ 27. Kc1 Nc3 28. Be1 Nxe4 29. Bb4+ Kg8 30. Re1 Neg3 31. Bd2 Kh7 32. c3 Rc7 33. Na5 Rhc8 34. Bc4 Ra8 0-1


[Site "https://www.chess.com"]

[Event "Titled Tuesday Blitz December 06 Late 2022"]
[White "Jarmula, Lukasz"]
[Black "Kamsky, Gata"]
[WhiteFideId "1160664"]
[BlackFideId "2000024"]
[WhiteElo "2357"]
[BlackElo "2666"]
[Result "1/2-1/2"]
[Round "02"]
[TimeControl "180+1"]
[Date "2022.12.06"]
[WhiteClock "0:00:09"]
[BlackClock "0:00:17"]

1. e4 g6 2. d4 Bg7 3. Nf3 d6 4. Bd3 Nf6 5. O-O O-O 6. Re1 Nc6 7. c3 e5 8. h3 Re8 9. a4 a5 10. Na3 Bd7 11. Nb5 Na7 12. Nxa7 Rxa7 13. Bg5 Ra8 14. Qd2 Qe7 15. Bc4 Rad8 16. Qc2 b6 17. Rad1 Rf8 18. Qb3 h6 19. Bc1 Bc6 20. Bd3 Kh8 21. Qc2 Rfe8 22. b3 Bb7 23. Ba3 c5 24. dxe5 dxe5 25. c4 Nh5 26. g3 Bc8 27. Bf1 Bf6 28. Bg2 Ng7 29. Bb2 Qc7 30. Rd5 Bb7 31. Rxd8 Rxd8 32. Rd1 Rxd1+ 33. Qxd1 Ne6 34. Qd2 Bg7 35. Ne1 Nd4 36. Bxd4 exd4 37. Nd3 Kg8 38. Qe2 Bc8 39. f4 f6 40. Kh2 g5 1/2-1/2


[Site "https://www.chess.com"]

[Event "Titled Tuesday Blitz December 06 Late 2022"]
[White "Javakhadze, Zurab"]
[Black "Girsh, Daniel"]
[WhiteFideId "13603647"]
[BlackFideId "30949190"]
[WhiteElo "2381"]
[BlackElo "2075"]
[Result "1-0"]
[Round "02"]
[TimeControl "180+1"]
[Date "2022.12.07"]
[WhiteClock "0:01:07"]
[BlackClock "0:00:01"]

1. d4 Nf6 2. c4 e6 3. Nf3 d5 4. Nc3 c6 5. e3 Nbd7 6. Qc2 Bd6 7. Bd2 O-O 8. O-O-O Qe7 9. Ng5 h6 10. h4 Re8 11. e4 dxe4 12. Ngxe4 Nxe4 13. Nxe4 e5 14. Nxd6 Qxd6 15. dxe5 Nxe5 16. Bc3 Qg6 17. Qxg6 Nxg6 18. f3 Be6 19. h5 Ne7 20. g4 Rad8 21. Be2 Nc8 22. Rxd8 Rxd8 23. b3 f6 24. f4 Re8 25. Rg1 Bd7 26. Bd1 Nd6 27. g5 Ne4 28. gxf6 Bf5 29. Rxg7+ Kf8 30. Be5 Rd8 31. Bc2 Ng3 32. Rxg3 1-0


[Site "https://www.chess.com"]

[Event "Titled Tuesday Blitz December 06 Late 2022"]
[White "Jobava, Baadur"]
[Black "Mladek, Richard"]
[WhiteFideId "13601520"]
[BlackFideId "386588"]
[WhiteElo "2582"]
[BlackElo "2271"]
[Result "1-0"]
[Round "02"]
[TimeControl "180+1"]
[Date "2022.12.06"]
[WhiteClock "0:01:01"]
[BlackClock "0:00:01"]

1. d4 d5 2. Nc3 Nf6 3. Bf4 c5 4. e3 cxd4 5. exd4 a6 6. Bd3 Nc6 7. Nge2 Bg4 8. f3 Bh5 9. h4 e6 10. g4 Bg6 11. h5 Bxd3 12. Qxd3 h6 13. O-O-O Bd6 14. Qe3 Bxf4 15. Nxf4 Qd6 16. Nd3 Rc8 17. Kb1 Nd7 18. Ne2 Na5 19. b3 Qb6 20. Nb2 Qc7 21. Rd2 b5 22. Nf4 Kf8 23. Nfd3 Rb8 24. Re1 Qc3 25. Nc5 Qxe3 26. Nxd7+ Ke7 27. Rxe3 Kxd7 28. Nd3 Nc6 29. Nc5+ Kd6 30. Nxa6 Ra8 31. Nc5 Nxd4 32. Ne4+ dxe4 33. Rxd4+ Ke7 34. Rexe4 Rhd8 35. Kb2 Rxd4 36. Rxd4 f5 37. gxf5 exf5 38. Rd5 g6 39. hxg6 Kf6 40. Rxb5 h5 41. Rb6+ Kg5 42. g7 Rg8 43. a4 h4 44. b4 h3 45. Rd6 h2 46. Rd1 Rxg7 47. Rh1 Rh7 48. a5 Kf4 49. a6 Kxf3 50. a7 Rxa7 51. Rxh2 Kg3 52. Rh6 f4 53. Rg6+ Kh3 54. Rf6 Kg3 55. c4 f3 56. b5 f2 57. Kb3 Re7 58. Kb4 Re3 59. Rxf2 Kxf2 60. b6 Re1 61. c5 Ke3 62. c6 Kd4 63. c7 Rb1+ 64. Ka3 Rc1 65. b7 Rxc7 66. b8=Q Rc5 67. Qf4+ Kd5 68. Kb4 Rc6 69. Qf5+ Kd6 70. Kb5 Rc7 71. Qf4+ Kd7 72. Qf5+ Kd6 73. Qf6+ Kd7 74. Kb6 Rc8 75. Qf7+ Kd6 76. Qf4+ Kd7 77. Qf5+ Kd8 78. Qe5 Kd7 79. Kb7 Rc6 80. Qg7+ 1-0


[Site "https://www.chess.com"]

[Event "Titled Tuesday Blitz December 06 Late 2022"]
[White "Johnson, Ben"]
[Black "Barria Zuniga, Daniel"]
[WhiteFideId "2010917"]
[BlackFideId "3400816"]
[WhiteElo "2193"]
[BlackElo "2414"]
[Result "1-0"]
[Round "02"]
[TimeControl "180+1"]
[Date "2022.12.07"]
[WhiteClock "0:00:10"]
[BlackClock "0:00:03"]

1. Nf3 g6 2. e4 Bg7 3. d4 c5 4. c4 Qb6 5. d5 Bxb2 6. Bxb2 Qxb2 7. Nbd2 d6 8. Bd3 e5 9. dxe6 Bxe6 10. Rb1 Qxa2 11. Rxb7 Nc6 12. O-O Nge7 13. e5 dxe5 14. Ne4 O-O 15. Qc1 Kg7 16. Nxc5 Bf5 17. Bxf5 Nxf5 18. Re1 Rae8 19. Nd7 Rg8 20. Ndxe5 Nxe5 21. Nxe5 Re7 22. Rxe7 Nxe7 23. Qc3 Re8 24. Nc6+ Kf8 25. Nxe7 Qb2 26. Qxb2 1-0


[Site "https://www.chess.com"]

[Event "Titled Tuesday Blitz December 06 Late 2022"]
[White "Joubert, Dantelle"]
[Black "Tomaszewski, Kacper"]
[WhiteFideId "14310813"]
[BlackFideId "1127373"]
[WhiteElo "1507"]
[BlackElo "2211"]
[Result "1-0"]
[Round "02"]
[TimeControl "180+1"]
[Date "2022.12.07"]
[WhiteClock "0:00:03"]
[BlackClock "0:01:15"]

1. d4 Nf6 2. c4 e6 3. Nf3 d5 4. Nc3 c5 5. cxd5 Nxd5 6. e4 Nxc3 7. bxc3 cxd4 8. cxd4 Bb4+ 9. Bd2 Bxd2+ 10. Qxd2 O-O 11. Bc4 Nd7 12. O-O b6 13. Rac1 Bb7 14. Rfe1 Rc8 15. d5 exd5 16. Bxd5 Bxd5 17. exd5 Nc5 18. Rcd1 Qd6 19. Ne5 b5 20. Nc6 Rc7 21. Qb4 a6 22. Rc1 Nb7 23. Qxd6 Nxd6 24. Ne7+ Rxe7 25. Rxe7 Rd8 26. Ra7 g6 27. Rxa6 Nc4 28. Rd1 Nb2 29. Rd4 Re8 30. g3 Nc4 31. d6 Ne5 32. Kg2 Rd8 33. Rb6 Nc4 34. Rxb5 Na3 35. Rb2 Ra8 36. d7 Rd8 37. Ra4 Rxd7 38. Rxa3 Kg7 39. Rab3 h5 40. a4 Rd4 41. Ra2 h4 42. a5 g5 43. a6 g4 44. gxh4 f5 45. a7 f4 46. a8=Q f3+ 47. Kg3 Rd1 48. Kxg4 Rg1+ 49. Kxf3 Kh6 50. Rb6+ Kh5 51. Ra5+ Kxh4 52. Qh8# 1-0


[Site "https://www.chess.com"]

[Event "Titled Tuesday Blitz December 06 Late 2022"]
[White "Kaplan, Avi Harrison"]
[Black "Shapiro, Daniel"]
[WhiteFideId "30934559"]
[BlackFideId "2001780"]
[WhiteElo "1983"]
[BlackElo "2300"]
[Result "1-0"]
[Round "02"]
[TimeControl "180+1"]
[Date "2022.12.07"]
[WhiteClock "0:00:48"]
[BlackClock "0:00:26"]

1. d4 Nf6 2. c4 e6 3. Nc3 Bb4 4. Bd2 d5 5. Nf3 O-O 6. e3 Nbd7 7. Bd3 c6 8. O-O Bd6 9. e4 e5 10. exd5 cxd5 11. dxe5 Nxe5 12. Nxe5 Bxe5 13. Re1 Ng4 14. h3 Qh4 15. Qf3 dxc4 16. Bf5 Nh2 17. Qe4 Bb8 18. Qxh4 1-0


[Site "https://www.chess.com"]

[Event "Titled Tuesday Blitz December 06 Late 2022"]
[White "Karas, Marek"]
[Black "Arbunic Castro, Giovanna"]
[WhiteFideId "14928558"]
[BlackFideId "3400549"]
[WhiteElo "2247"]
[BlackElo "1921"]
[Result "1-0"]
[Round "02"]
[TimeControl "180+1"]
[Date "2022.12.07"]
[WhiteClock "0:01:31"]
[BlackClock "0:00:04"]

1. d4 Nf6 2. Bf4 g6 3. Nc3 Bg7 4. e4 d6 5. Qd2 Nbd7 6. O-O-O c5 7. e5 dxe5 8. dxe5 Ng4 9. e6 fxe6 10. Bc4 e5 11. Bg3 Ngf6 12. Nf3 a6 13. Nxe5 b5 14. Bf7+ Kf8 15. Be6 Qb6 16. Bxd7 Bxd7 17. Nxd7+ Nxd7 18. Qxd7 Re8 19. Nd5 1-0


[Site "https://www.chess.com"]

[Event "Titled Tuesday Blitz December 06 Late 2022"]
[White "Keymer, Vincent"]
[Black "Papp, Levente"]
[WhiteFideId "12940690"]
[BlackFideId "751243"]
[WhiteElo "2600"]
[BlackElo "2380"]
[Result "1-0"]
[Round "02"]
[TimeControl "180+1"]
[Date "2022.12.06"]
[WhiteClock "0:00:07"]
[BlackClock "0:00:03"]

1. c3 Nf6 2. d4 g6 3. Bg5 Ne4 4. Bh4 Bg7 5. Nd2 Nxd2 6. Qxd2 O-O 7. e4 Qe8 8. Nf3 d6 9. Bd3 Bg4 10. Qf4 h5 11. h3 e5 12. dxe5 dxe5 13. Qe3 Bxf3 14. Qxf3 Nd7 15. g4 hxg4 16. hxg4 Nc5 17. Bc2 Ne6 18. O-O-O Nf4 19. Bg5 Ne6 20. Be3 Qe7 21. Qh3 Rfd8 22. Bb3 Nf4 23. Qh2 Qf6 24. Qh7+ Kf8 25. Bc5+ Rd6 26. Bxd6+ cxd6 27. Qh4 Ne2+ 28. Kb1 Qf3 29. g5 Nf4 30. Bc2 Ke7 31. Rhg1 Rh8 32. Qg3 Qe2 33. Bd3 Qh5 34. Qe3 b6 35. Qd2 Rd8 36. Bc2 Qf3 37. a4 Bf8 38. Rde1 Ne6 39. Bd1 Qh3 40. Rh1 Qg2 41. Qe3 Qxg5 42. Qd3 Qf6 43. Qa6 Rd7 44. a5 Nc5 45. Qb5 bxa5 46. Rhf1 Rb7 47. Qxa5 Qe6 48. Qa2 Nb3 49. Bxb3 Rxb3 50. Qxa7+ Kf6 51. Qa2 Kg7 52. Re3 Qc4 53. Rd1 Qb5 54. c4 Qxc4 55. Qxb3 Qc8 56. Qc3 Qg4 57. Qd3 g5 58. Rg3 Qf4 59. Rdg1 f6 60. Qe3 Qh4 61. Rh3 Qf4 62. Qxf4 exf4 63. Rgh1 1-0


[Site "https://www.chess.com"]

[Event "Titled Tuesday Blitz December 06 Late 2022"]
[White "Kilic, Eray"]
[Black "Renjith, Sravan"]
[WhiteFideId "44517173"]
[BlackFideId "4306783"]
[WhiteElo "2776"]
[BlackElo "2547"]
[Result "0-1"]
[Round "02"]
[TimeControl "180+1"]
[Date "2022.12.07"]
[WhiteClock "0:00:43"]
[BlackClock "0:01:48"]

1. e4 e5 2. Nf3 Nc6 3. Bb5 Nf6 4. d3 Bc5 5. Bxc6 dxc6 6. O-O Bg4 7. h3 Bh5 8. g4 Nxg4 9. hxg4 Bxg4 10. Kg2 O-O 11. Nbd2 f5 12. Qe2 Qf6 13. exf5 Qxf5 14. Qe4 Bh3+ 15. Kg1 Bxf1 16. Qxf5 Rxf5 17. Kxf1 Raf8 18. Ke2 g5 19. c3 g4 20. Ne1 Rxf2+ 21. Kd1 g3 22. Ne4 g2 23. Nxg2 Rxg2 24. Bd2 Rf1+ 25. Be1 Be3 26. a4 h5 27. Ra3 Rgg1 0-1


[Site "https://www.chess.com"]

[Event "Titled Tuesday Blitz December 06 Late 2022"]
[White "Kim, Sergey"]
[Black "Sarana, Alexey"]
[WhiteFideId "13700570"]
[BlackFideId "24133795"]
[WhiteElo "2620"]
[BlackElo "2708"]
[Result "0-1"]
[Round "02"]
[TimeControl "180+1"]
[Date "2022.12.06"]
[WhiteClock "0:00:35"]
[BlackClock "0:00:16"]

1. d4 Nf6 2. c4 e6 3. Nc3 d5 4. Nf3 Nbd7 5. Bf4 Bb4 6. e3 c5 7. Bd3 cxd4 8. exd4 dxc4 9. Bxc4 Nb6 10. Bb3 Nbd5 11. Bd2 O-O 12. O-O Be7 13. Ne5 Bd7 14. Re1 Bc6 15. Rc1 Rc8 16. Nxc6 Rxc6 17. Bg5 h6 18. Bh4 Rd6 19. Bg3 Rc6 20. Bh4 Rd6 21. Bg3 Ra6 22. Bc4 Rc6 23. Bb3 Qa5 24. Re5 Rd8 25. Nxd5 Nxd5 26. Rxc6 bxc6 27. h3 Bf6 28. Re4 c5 29. dxc5 Qxc5 30. Rc4 Qb6 31. Qc1 a5 32. Rc8 g5 33. Rxd8+ Qxd8 34. Qc2 Nb4 35. Qe2 Qd4 36. Qb5 Qxb2 37. Qe8+ Kg7 38. Bd6 Qa1+ 39. Kh2 Be5+ 40. Bxe5+ Qxe5+ 41. g3 Nd3 0-1


[Site "https://www.chess.com"]

[Event "Titled Tuesday Blitz December 06 Late 2022"]
[White "Kleiman, Jake"]
[Black "Pultinevicius, Paulius"]
[WhiteFideId "2020041"]
[BlackFideId "12809390"]
[WhiteElo "2566"]
[BlackElo "2486"]
[Result "1-0"]
[Round "02"]
[TimeControl "180+1"]
[Date "2022.12.06"]
[WhiteClock "0:00:09"]
[BlackClock "0:00:02"]

1. e4 g6 2. d4 Bg7 3. Nc3 a6 4. a4 d6 5. Be3 Nc6 6. Be2 e5 7. d5 Nd4 8. Nf3 Nxe2 9. Qxe2 Ne7 10. Nd2 O-O 11. O-O f5 12. f3 f4 13. Bf2 g5 14. a5 h5 15. Na4 Bd7 16. c4 Qe8 17. Nc3 g4 18. c5 Qg6 19. Kh1 g3 20. Bg1 gxh2 21. Bxh2 h4 22. cxd6 cxd6 23. Nc4 Nc8 24. Qf2 Qg5 25. Na4 Bb5 26. b3 Rf6 27. Rg1 Kh8 28. Rac1 Ne7 29. Ncb6 Rg8 30. Rc7 Rg6 31. Nc3 Be8 32. Nc4 Bf8 33. Rxb7 R8g7 34. Rb8 Ng8 35. Rxe8 Rf7 36. Re6 Nf6 37. Nxd6 Bxd6 38. Rxd6 Rh7 39. Re6 Rg8 40. Rxf6 Qxf6 41. Na4 Rg3 42. Rc1 Rhg7 43. Bxg3 hxg3 44. Rc8+ Kh7 45. Qc5 Qh4+ 46. Kg1 Qh2+ 47. Kf1 Qh1+ 48. Qg1 Qh5 49. Nc5 Kg6 50. Rc6+ Kh7 51. Ne6 Rb7 52. Nc5 Rg7 53. Ne6 Rb7 54. Rc7+ Rxc7 55. Nxc7 Qf7 56. Qc5 Qd7 57. Qc6 Qd8 58. Ne6 Qh4 59. Qd7+ Kg6 60. Qg7+ Kh5 61. Qh7# 1-0


[Site "https://www.chess.com"]